 Dungeon Crawl Stone Soup version 0.30-a0-778-g2ef04afb54 (webtiles) character file.

Game seed: 8709394818846581437

40 Smoke131 the Vexing (level 3, 0/14 HPs)
             Began as a Felid Enchanter on Feb 17, 2023.
             Slain by a hound (4 damage)
             ... on level 3 of the Dungeon.
             The game lasted 00:05:33 (2207 turns).

Smoke131 the Vexing (Felid Enchanter)               Turns: 2207, Time: 00:05:33

Health: 0/14       AC:  1    Str:  4    XL:     3   Next: 30%
Magic:  7/7        EV: 18    Int: 16    God:
Gold:   197        SH:  0    Dex: 18    Spells: 4/6 levels left
                                        Lives:  0   Deaths: 0

rFire   . . .      SeeInvis +      - Unarmed
rCold   . . .      Faith    .    (shield unavailable)
rNeg    . . .      Spirit   .    (body armour unavailable)
rPois   .          Reflect  .    (helmet unavailable)
rElec   .          Harm     .    (cloak unavailable)
rCorr   .          Rampage  .    (gloves unavailable)
Will    .....                    (boots unavailable)
Stlth   +++                      (no amulet)
HPRegen 0.22/turn                (no ring)
MPRegen 0.10/turn                (no ring)

@: quick
A: very small, claws 1, fangs 3, see invisible, speed 1, shaggy fur 1, stealthy
paws, no weapons or thrown items, no armour, multi-lived
a: no special abilities


You were on level 3 of the Dungeon.
You visited 1 branch of the dungeon, and saw 3 of its levels.

You collected 197 gold pieces.

Inventory:

Scrolls
 f - 2 scrolls of identify {unknown}
 g - a scroll of fog {unknown}
 h - a scroll of teleportation {unknown}
 j - a scroll of blinking {unknown}
 k - a scroll of amnesia {unknown}
 l - a scroll of noise {unknown}
Potions
 a - 3 potions of invisibility
 b - 2 potions of heal wounds {unknown}
 c - 3 potions of might {unknown}
 d - a potion of degeneration {unknown}
 e - a potion of brilliance {unknown}
 i - a potion of curing {unknown}


   Skills:
 + Level 3.3 Dodging
 + Level 4.5 Stealth
 + Level 1.6 Unarmed Combat
 + Level 2.3 Spellcasting
 + Level 4.8 Hexes


You had 4 spell levels left.
You knew the following spells:

 Your Spells              Type           Power      Damage    Failure   Level
a - Ensorcelled Hibernat  Hex/Ice        18%        N/A       11%         2

Your spell library contained the following spells:

 Spells                   Type           Power      Damage    Failure   Level
 Confusing Touch          Hex            17%        N/A       9%          3
 Tukima's Dance           Hex            17%        N/A       9%          3
 Dazzling Flash           Conj/Hex       18%        N/A       22%         3


Dungeon Overview and Level Annotations

Branches:
Dungeon (3/15)

Altars:
Fedhas


Innate Abilities, Weirdness & Mutations

You have sharp claws.
You have razor-sharp teeth.
You have supernaturally acute eyesight. (SInv)
You cover ground quickly. (Speed+)
You are covered in fur. (AC +1)
Your paws help you pounce on unaware monsters.
You are incapable of wielding weapons or throwing items.
You cannot wear armour.
You gain extra lives every three experience levels.


Message History

No target in view!
No target in view!
No target in view!
You now have 145 gold pieces (gained 15).
Found a stone staircase leading down.
You now have 158 gold pieces (gained 13).
k - a scroll labelled ROUPOIMURPH You now have 171 gold pieces (gained 13).
There is a stone staircase leading down here.
You now have 180 gold pieces (gained 9).
l - a scroll labelled ZUSUGG RAICS You now have 197 gold pieces (gained 17).
A hound comes into view.
The hound barks!
You scratch the hound.
The hound is lightly wounded.
The hound misses you.
You scratch the hound.
The hound is moderately wounded.
The hound bites you. x2
You scratch the hound. Your bite misses the hound.
The hound is heavily wounded.
The hound misses you.
You scratch the hound. Your bite misses the hound.
The hound is severely wounded.
The hound barely misses you. The hound misses you.
You closely miss the hound.
The hound is severely wounded.
The hound completely misses you.
You scratch the hound.
The hound is severely wounded.
The hound bites you. x2
* * * LOW HITPOINT WARNING * * *
You scratch the hound.
The hound is almost dead.
The hound bites you but does no damage. The hound attacks as you move away!
The hound misses you. The hound attacks as you move away! The hound misses you.
The hound bites you.
You die...

.....##.##.##.###
.....##.##.##...#####
.................... ...
.>.......##..##.... ....
....####.###.#
#..####..#
.##..###.....####...#..#
####..#####.......#.#.#
# ##...######.##.#...# #
###..### #..@h...##
##...#####.(....#####
###<.......#.......#
###..######....... ....#
.###### ## ... .. ####
#.. ... #...


You could see a hound.

Vanquished Creatures
  2 bats
  An endoplasm (D:1)
  4 goblins
  5 hobgoblins
  4 jackals (D:2)
  7 ball pythons
  6 frilled lizards
  5 kobolds
  6 rats
40 creatures vanquished.

Vanquished Creatures (others)
  2 fungi (D:2)
  3 plants (D:2)
5 creatures vanquished.

Grand Total: 45 creatures vanquished

Notes
Turn   | Place    | Note
-------+----------+-------------------------------------------
     0 | D:1      | Smoke131 the Felid Enchanter began the quest for the Orb.
     0 | D:1      | Reached XP level 1. HP: 7/7 MP: 4/4
   345 | D:1      | Reached XP level 2. HP: 11/11 MP: 6/6
   892 | D:1      | Learned a level 2 spell: Ensorcelled Hibernation
  1184 | D:2      | Found a blossoming altar of Fedhas.
  1426 | D:2      | Reached XP level 3. HP: 12/14 MP: 7/7
  1687 | D:2      | Found a faded altar of an unknown god.
  2207 | D:3      | Slain by a hound

Illustrated notes

Levels and vault maps discovered:
D:1:      co_arrival_random_square_maze, layout_loops_ring
D:2:      layout_basic, shapermc_ecumenical_altar_hornbeckon, basic_altar
D:3:      layout_rooms

Skill      XL: |  1  2 |
---------------+-------+-----
Dodging        | 3 |  3.3
Stealth        | |  4.5
Unarmed Combat | |  1.6
Spellcasting   | |  2.3
Hexes          | |  4.8

Action                     || total
---------------------------++-------
  Melee: Unarmed           ||   143
         Bite              ||    13
         Punch             ||     1
   Stab: Sleeping          ||     8
 Armour: Skin              ||     3
  Dodge: Dodged            ||   103

Table legend: (Time is in decaauts)
 A = Elapsed time spent in this place.
 B = Non-inter-level travel time spent in this place.
 C = Inter-level travel time spent in this place.
 D = Time resting spent in this place.
 E = Time spent auto-exploring this place.
 F = Levels seen in this place.
 G = Mean time per level.
                   A        B        C        D        E       F      G
               +--------+--------+--------+--------+--------+-----+--------+
         Total |   1840 |   1775 |     65 |     30 |   1323 |   3 |  613.3 |
       Dungeon |   1840 |   1775 |     65 |     30 |   1323 |   3 |  613.3 |
               +--------+--------+--------+--------+--------+-----+--------+

Top non-repeatable levels by time:
     D:2: 973 daAuts
     D:1: 796 daAuts
     D:3: 71 daAuts
